 Dungeon Crawl Stone Soup version 0.29-a0-885-gb26ba3297d (webtiles) character file.

Game seed: 15429118106088426153

613 jimonade the Covert (level 7, 0/40 HPs)
             Began as a Kobold Brigand on July 20, 2022.
             Was an Initiate of Wu Jian.
             Killed by nerve-wracking pain
             ... invoked by Menkaure
              (9 damage)
             ... on level 4 of the Dungeon.
             The game lasted 00:10:35 (4764 turns).

jimonade the Covert (Kobold Brigand)                Turns: 4764, Time: 00:10:36

Health: 0/40       AC:  9    Str:  8    XL:     7   Next: 73%
Magic:  7/7        EV: 14    Int: 12    God:    Wu Jian [......]
Gold:   91         SH:  0    Dex: 19    Spells: 7/7 levels left

rFire   . . .      SeeInvis .   B - +0 dagger (speed)
rCold   + . .      Faith    .   (no shield)
rNeg    . . .      Spirit   .   k - +1 leather armour {rC+}
rPois   .          Reflect  .   y - +1 helmet
rElec   .          Harm     .   c - +0 cloak
rCorr   .          Rampage  .   n - +0 pair of gloves
Will    .....                   E - +0 pair of boots {Stlth+}
Stlth   ++++++....              (no amulet)
HPRegen 0.13/turn               (no ring)
MPRegen 0.10/turn               (no ring)

@: no status effects
A: small, no large weapons, nightstalker 3
a: Renounce Religion


You were on level 4 of the Dungeon.
You worshipped Wu Jian.
Wu Jian was noncommittal.
You visited 2 branches of the dungeon, and saw 7 of its levels.

You collected 206 gold pieces.
You spent 115 gold pieces at shops.

Inventory:

Hand Weapons
 a - a +2 dagger
 u - a +0 sling of flaming
 v - a +0 spear
 z - a +1 short sword of venom
 B - a +0 dagger of speed (weapon)
Missiles
 d - 9 poisoned darts (quivered)
 e - 3 curare-tipped darts
 m - 10 javelins
 q - 50 stones
Armour
 b - a +0 robe
 c - a +0 cloak (worn)
 k - a +1 leather armour of cold resistance (worn)
 n - a +0 pair of gloves (worn)
 r - a +0 ring mail
 x - a +0 animal skin
 y - a +1 helmet (worn)
 D - a +0 chain mail
 E - a +0 pair of boots of stealth (worn)
Scrolls
 f - a scroll of immolation {unknown}
 g - a scroll of silence {unknown}
 h - 5 scrolls of teleportation {unknown}
 i - a scroll of vulnerability {unknown}
 j - 4 scrolls of identify {unknown}
 p - a scroll of amnesia {unknown}
 s - a scroll of butterflies {unknown}
 w - a scroll of enchant weapon {unknown}
 A - 2 scrolls of enchant armour {unknown}
 G - a scroll of torment {unknown}
 H - 2 scrolls of brand weapon {unknown}
Potions
 l - a potion of might {unknown}
 o - a potion of flight {unknown}
 t - a potion of heal wounds {unknown}
 C - 2 potions of brilliance {unknown}
 F - a potion of curing {unknown}
 I - a potion of mutation {unknown}


   Skills:
 * Level 2.9 Fighting
 + Level 5.1 Short Blades
 - Level 2.1 Throwing
 + Level 1.7 Armour
 + Level 2.2 Dodging
 + Level 10.1 Stealth
 * Level 0.6 Spellcasting


You had 7 spell levels left.
You didn't know any spells.
Your spell library contained the following spells:

 Spells                   Type           Power      Damage    Failure   Level
 Sandblast                Erth           0%         2d4       41%         1
 Summon Small Mammal      Summ           0%         N/A       41%         1
 Ensorcelled Hibernation  Hex/Ice        0%         N/A       56%         2
 Passwall                 Tmut/Erth      0%         N/A       56%         2
 Call Canine Familiar     Summ           0%         N/A       80%         3
 Portal Projectile        Hex/Tloc       0%         N/A       80%         3
 Spider Form              Tmut/Pois      0%         N/A       80%         3
 Stone Arrow              Conj/Erth      0%         3d7       80%         3
 Summon Guardian Golem    Hex/Summ       0%         N/A       80%         3
 Anguish                  Hex/Necr       0%         N/A       99%         4
 Leda's Liquefaction      Hex/Erth       0%         N/A       99%         4


Dungeon Overview and Level Annotations

Branches:
Dungeon (6/15)             Temple (1/1) D:4

Altars:
Dithmenos
Fedhas
Hepliaklqana
Kikubaaqudgha
Makhleb
Nemelex Xobeh
Qazlal
Sif Muna
Uskayaw
Vehumet
Wu Jian
Yredelemnul
Zin

Shops:
D:4 [

Annotations:
D:4 Menkaure


Innate Abilities, Weirdness & Mutations

You are small and have problems with some larger weapons.
You are completely attuned to the shadows.


Message History

You are poisoned.
The adder poisons you! Menkaure closely misses you.
You hit the adder.
The adder is moderately wounded.
You feel sick. The adder bites you.
You hit the adder.
The adder is severely wounded.
You feel sick. The adder closely misses you.
Menkaure calls on the powers of darkness!
Your body is wracked with pain!
You hit the adder but do no damage.
The adder is poisoned.
The adder is severely wounded.
The adder closely misses you.
Menkaure gestures wildly while chanting.
Menkaure seems to speed up.
The adder bites you but does no damage.
You hit the adder.
You kill the adder!
The Council accepts your kill.
You feel sick. Menkaure closely misses you.
Your +1 short sword of venom stops dripping with poison.
Your hands tingle!
B - a +0 dagger of speed (weapon)
You feel sick.
You hit Menkaure.
Menkaure is lightly damaged.
Menkaure giggles, "These cerements are ticklish..."
Menkaure completely misses you.
You hit Menkaure but do no damage.
Menkaure is lightly damaged.
You feel sick. Menkaure closely misses you.
You hit Menkaure.
Menkaure is lightly damaged.
You hit Menkaure but do no damage.
Menkaure is lightly damaged.
You feel sick.
You are no longer poisoned.
Menkaure hums, "Let me perform the rites..."
Menkaure points at you and mumbles some strange words.
Pain shoots through your body!
You die...

..#.###................#########.
..#.....###...............#......
#.###...# #............##.#.#####
#.......# #......####.###.#.#
###....## ####............#.#
....#### ###..........#.# #.###
####..........#.# ..#
#########.............#.# ###
#......##...@.........#.# #
#.^....##..M†...#####.#.# #
#......##..........##.#.# #
#......##..........##.#.#
#####......########.....#...#
.#...........<....#..)..#######
.#.##......######.#...........#
.'.##......######.#....######.#
.#.##..........##.#.......#...#


You could see Menkaure (fast).

Vanquished Creatures
  Sigmund (D:3)
  A necrophage (D:5)
  2 jellies (D:5)
  A hound (D:5)
  An iguana (D:4)
  Natasha (thrice) (D:4)
  3 orc wizards
  Robin (D:2)
  3 adders
  3 dart slugs
  11 orcs
  7 ball pythons
  6 endoplasms
  8 giant cockroaches
  11 goblins
  9 hobgoblins
  A quokka (D:1)
  3 bats
  6 frilled lizards
  7 kobolds
  6 rats
94 creatures vanquished.

Notes
Turn   | Place    | Note
-------+----------+-------------------------------------------
     0 | D:1      | jimonade the Kobold Brigand began the quest for the Orb.
     0 | D:1      | Reached XP level 1. HP: 12/12 MP: 1/1
   276 | D:1      | Reached XP level 2. HP: 17/17 MP: 2/2
   284 | D:1      | Reached skill level 6 in Stealth
   641 | D:1      | Reached XP level 3. HP: 21/21 MP: 3/3
  1473 | D:2      | Noticed Robin
  1483 | D:2      | Killed Robin
  1484 | D:2      | Reached XP level 4. HP: 14/26 MP: 4/4
  1917 | D:2      | Reached skill level 7 in Stealth
  2524 | D:3      | Reached XP level 5. HP: 31/31 MP: 5/5
  2579 | D:3      | Noticed Sigmund
  2589 | D:3      | Killed Sigmund
  2590 | D:3      | Reached skill level 1 in Armour
  2590 | D:3      | Reached skill level 8 in Stealth
  2590 | D:3      | Reached XP level 6. HP: 36/36 MP: 6/6
  2702 | D:3      | Reached skill level 9 in Stealth
  2799 | D:3      | Found a faded altar of an unknown god.
  2994 | D:4      | Found Owusij's Armour Shoppe.
  3007 | D:4      | Bought a +0 pair of boots of stealth for 115 gold pieces
  3131 | D:4      | Found a shimmering blue altar of Sif Muna.
  3134 | D:4      | Reached XP level 7. HP: 40/40 MP: 7/7
  3169 | D:4      | Found a staircase to the Ecumenical Temple.
  3170 | D:4      | Noticed Natasha
  3180 | D:4      | Killed Natasha
  3188 | Temple   | Entered the Ecumenical Temple
  3364 | Temple   | Became a worshipper of the Wu Jian Council
  3828 | D:4      | Noticed Natasha
  3839 | D:4      | Killed Natasha
  3852 | D:4      | Noticed Natasha
  3858 | D:4      | Killed Natasha
  4057 | D:5      | Entered Level 5 of the Dungeon
  4115 | D:5      | Reached skill level 10 in Stealth
  4601 | D:5      | Reached skill level 5 in Short Blades
  4743 | D:5      | Noticed Menkaure
  4764 | D:4      | Killed from afar by Menkaure

Illustrated notes

Levels and vault maps discovered:
D:1:      tarquinn_simple_flora_water_d, layout_basic, minmay_misc_feat_chi
D:2:      layout_basic, reono_crystal_passage, uniq_robin
D:3:      layout_basic, chequers_ecumenical_altar_island, uniq_sigmund
D:4:      layout_basic, kennysheep_orc_sif_temple,
          minmay_temple_entry_glassed_door, serial_shops, nicolae_shop_trees,
          hangedman_abyss_or_decor_stabs, uniq_natasha
D:5:      layout_cave_pools, elyvilon_altar_5, grunt_ministairs_2,
          kennysheep_generic_room_15, uniq_crazy_yiuf_cottage, uniq_menkaure
D:6:      layout_layer_cave, lemuel_round_altar, mainiacjoe_overflow_alcove_1,
          minmay_unpleasant_kobolds
Temple:   hellmonk_temple_forest_ring

Skill      XL: |  1  2  3  4  5  6  7 |
---------------+----------------------+-----
Stealth        | 6 7 8 9 10 | 10.1
Short Blades   | 3 4 5 |  5.1
Armour         | 1 |  1.7
Dodging        | 2 |  2.2
Fighting       | |  2.9
Throwing       | |  2.1
Spellcasting   | |  0.6

Action                   |  1- 3 |  4- 6 |  7- 9 || total
-------------------------+-------+-------+-------++-------
Melee: Dagger            |    97 |     4 |     5 ||   106
       Punch             |     1 |       |     2 ||     3
       Short sword       |       |    67 |    68 ||   135
Invok: Lunge             |       |       |     9 ||     9
 Stab: Sleeping          |    17 |    20 |     4 ||    41
       Distracted        |       |     1 |       ||     1
Armor: Robe              |     2 |       |       ||     2
       Leather armour    |    13 |    17 |    23 ||    53
Dodge: Dodged            |    34 |    31 |    41 ||   106

Table legend: (Time is in decaauts)
 A = Elapsed time spent in this place.
 B = Non-inter-level travel time spent in this place.
 C = Inter-level travel time spent in this place.
 D = Time resting spent in this place.
 E = Time spent auto-exploring this place.
 F = Levels seen in this place.
 G = Mean time per level.
                   A        B        C        D        E       F      G
               +--------+--------+--------+--------+--------+-----+--------+
         Total |   4747 |   4556 |    191 |    422 |   3363 |   7 |  678.1 |
       Dungeon |   4552 |   4394 |    158 |    422 |   3222 |   6 |  758.7 |
        Temple |    194 |    161 |     33 |      0 |    141 |   1 |  194.0 |
               +--------+--------+--------+--------+--------+-----+--------+

Top non-repeatable levels by time:
     D:4: 1227 daAuts
     D:2: 1063 daAuts
     D:1: 1045 daAuts
     D:3: 705 daAuts
     D:5: 508 daAuts
  Temple: 194 daAuts
     D:6: 1 daAuts
